 Dungeon Crawl Stone Soup version 0.31-a0-263-ge8cad7f256 (webtiles) character file.

Game seed: 6286659073351163326

95 juan097 the Changeling (level 4, 0/30 HPs)
             Began as an Octopode Shapeshifter on July 13, 2023.
             Killed by nerve-wracking pain
             ... invoked by an orc priest
              (8 damage)
             ... on level 3 of the Dungeon.
             The game lasted 00:04:52 (1613 turns).

juan097 the Changeling (Octopode Shapeshifter)      Turns: 1613, Time: 00:04:53

Health: 0/30       AC:  1    Str: 14    XL:     4   Next: 65%
Magic:  4/4        EV: 13    Int: 10    God:
Gold:   108        SH:  0    Dex: 14    Spells: 3/3 levels left

rFire   . .          .
                       - Unarmed
rCold   . . .        (no shield)
rNeg    . . .        (helmet currently unavailable)
rPois   .            (no amulet)
rElec   .            (no ring)
rCorr   .            (no ring)
SInv    .            (no ring)
Will    .....        (no ring)
Stlth   +++          (no ring)
HPRegen 0.25/turn    (no ring)
MPRegen 0.09/turn    (no ring)
                     (no ring)

%: no passive effects
@: beast-form
A: beast (slay +2), almost no armour, amphibious, 8 rings, camouflage 1,
gelatinous body 1, (nimble swimmer 1), tentacles
a: Begin Untransformation


You were on level 3 of the Dungeon.
You were a hulking beast.
You visited 1 branch of the dungeon, and saw 3 of its levels.

You collected 186 gold pieces.
You spent 78 gold pieces at shops.

Inventory:

Hand Weapons
 b - a +0 sling
Missiles
 o - 2 poisoned darts
 q - a throwing net
Jewellery
 n - a ring of fire
Talismans
 e - a beast talisman
Wands
 j - a wand of charming (7)
Scrolls
 c - 2 scrolls of vulnerability {unknown}
 d - a scroll of brand weapon {unknown}
 g - 3 scrolls of teleportation
 k - a scroll of fear {unknown}
 p - 2 scrolls of fog {unknown}
 r - a scroll of identify {unknown}
Potions
 a - a potion of lignification
 f - 3 potions of curing
 h - 2 potions of degeneration {unknown}
 i - a potion of enlightenment {unknown}
 l - 2 potions of heal wounds {unknown}
 m - 2 potions of invisibility {unknown}


   Skills:
 + Level 2.6 Fighting
 + Level 2.7 Dodging
 - Level 2.0 Stealth
 * Level 3.1 Unarmed Combat
 + Level 3.2 Shapeshifting


You had 3 spell levels left.
You didn't know any spells.
Your spell library contained the following spells:

 Spells                   Type           Power      Damage    Failure   Level
 Magic Dart               Conj           0%         1d3       36%         1
 Searing Ray              Conj           0%         2d4       50%         2
 Fulminant Prism          Conj/Hex       0%         3d5       98%         4


Dungeon Overview and Level Annotations

Branches:
Dungeon (3/15)

Altars:
Gozag

Shops:
D:1 *

Annotations:
D:2 Sigmund
D:3 3 runed translucent doors, BubbleThief's ghost, amateur OpSh


Innate Abilities, Weirdness & Mutations

You are a hulking beast.
Your limbs bulge with bestial killing power. (Slay +2)
You cannot wear most types of armour.
You are amphibious.
You can wear up to eight rings at the same time.
Your skin changes colour to match your surroundings (Stealth+).
Your rubbery body absorbs attacks. (AC +1, EV +1)
((You are camouflaged when in or above water. (Stealth+)))
You have tentacles for arms and can constrict up to eight enemies at once.


Message History

The orc shouts!
You shoot a sling bullet. The sling bullet barely misses the orc.
You shoot a sling bullet. The sling bullet hits the orc.
The orc is severely wounded.
You shoot a sling bullet.
The sling bullet hits the orc but does no damage.
The orc is heavily wounded.
An orc priest comes into view. It is wielding a +0 hand axe.
You are now empty-tentacled.
An orc comes into view. It is wielding a +0 mace.
Found a stone staircase leading down.
The orc hits you with a +0 hand axe.
You barely miss the orc.
The orc shouts!
You grab the orc. You tentacle-slap the orc.
You kill the orc!
An endoplasm comes into view.
The orc priest misses you.
You tentacle-slap the orc priest but do no damage.
You grab the orc priest. Your squeeze misses the orc priest.
You constrict the orc priest, but do no damage.
The orc priest barely misses you.
You tentacle-slap the orc priest but do no damage.
You constrict the orc priest, but do no damage.
The orc priest calls down the wrath of Beogh upon you.
Beogh smites you!
You are too injured to fight recklessly!
You tentacle-slap the orc priest.
The orc priest is moderately wounded.
You constrict the orc priest, but do no damage.
The orc misses you.
The orc priest hits you with a +0 hand axe.
* * * LOW HITPOINT WARNING * * *
You tentacle-slap the orc priest. You squeeze the orc priest.
The orc priest is severely wounded.
You constrict the orc priest, but do no damage.
The orc hits you with a +0 mace.
* * * LOW HITPOINT WARNING * * *
The orc priest calls down the wrath of Beogh upon you.
Pain shoots through your body!
You die...

...##.#
#.............##.###....
..###.# ##.............†.#
#.... ..# #.#
##.............####.._. ..#
#.#####.....#......#.#.......
..#
#....##...#............##....
..#
#...........###...###........
..# #............<..##
#..##..##
#....#..........###...####+#
#####...........h..........
................oo...##...#
...............)J...##..#+#
.#)..#.###..###....###.#
##..##.....## ####....
##..######## ...>' ...##
....# ...# ..... #### ...


You could see an orc priest, an orc and an endoplasm.

Vanquished Creatures
  A jelly (D:3)
  2 adders
  A worm (D:3)
  2 orcs (D:3)
  7 bats
  An endoplasm (D:2)
  A giant cockroach (D:1)
  6 goblins
  4 hobgoblins
  7 kobolds
  A quokka (D:2)
  3 ball pythons (D:2)
  2 frilled lizards
  4 rats
42 creatures vanquished.

Notes
Turn   | Place    | Note
-------+----------+-------------------------------------------
     0 | D:1      | juan097 the Octopode Shapeshifter began the quest for the
                  | Orb.
     0 | D:1      | Reached XP level 1. HP: 14/14 MP: 1/1
   198 | D:1      | Reached XP level 2. HP: 19/19 MP: 2/2
   259 | D:1      | You fall into a shaft and drop 1 floor!
   308 | D:2      | Reached skill level 1 in Stealth
   441 | D:1      | Found Ytuac's General Store.
   444 | D:1      | Bought a potion of curing for 39 gold pieces
   444 | D:1      | Bought a scroll of teleportation for 39 gold pieces
   503 | D:2      | Reached XP level 3. HP: 15/24 MP: 3/3
   601 | D:2      | Noticed Sigmund
  1252 | D:3      | Found a faded altar of an unknown god.
  1284 | D:3      | Reached XP level 4. HP: 15/30 MP: 4/4
  1523 | D:3      | Found a runed translucent gate.
  1523 | D:3      | Found a runed translucent gate.
  1523 | D:3      | Found a runed translucent gate.
  1525 | D:3      | Found an opulent altar of Gozag.
  1527 | D:3      | Noticed BubbleThief's ghost (amateur OpSh)
  1613 | D:3      | Killed from afar by an orc priest

Illustrated notes

Levels and vault maps discovered:
D:1:      dpeg_arrival_shelter, layout_rooms, serial_shops,
          nicolae_shop_tiny_real_fake_doors
D:2:      layout_basic, minivault_5, uniq_sigmund
D:3:      layout_rooms, ebering_ghost_gozag, basic_ecumenical_altar,
          nicolae_hexahallways, uniq_grinder

Skill      XL: |  1  2  3  4 |
---------------+-------------+-----
Stealth        | 1 2 |  2.0
Unarmed Combat | 3 |  3.1
Fighting       | |  2.6
Dodging        | |  2.7
Shapeshifting  | |  3.2

Action                     |  1- 3 |  4- 6 || total
---------------------------+-------+-------++-------
  Melee: Unarmed           |    44 |    13 ||    57
         Constrict         |    10 |     5 ||    15
         Tentacles         |     7 |     2 ||     9
         Punch             |       |     1 ||     1
   Fire: Sling             |    44 |     6 ||    50
    Use: Potion            |     1 |       ||     1
   Stab: Sleeping          |     1 |       ||     1
 Armour: Skin              |     6 |     4 ||    10
  Dodge: Dodged            |    30 |    10 ||    40

Table legend: (Time is in decaauts)
 A = Elapsed time spent in this place.
 B = Non-inter-level travel time spent in this place.
 C = Inter-level travel time spent in this place.
 D = Time resting spent in this place.
 E = Time spent auto-exploring this place.
 F = Levels seen in this place.
 G = Mean time per level.
                   A        B        C        D        E       F      G
               +--------+--------+--------+--------+--------+-----+--------+
         Total |   1613 |   1545 |     68 |      0 |   1202 |   3 |  537.7 |
       Dungeon |   1613 |   1545 |     68 |      0 |   1202 |   3 |  537.7 |
               +--------+--------+--------+--------+--------+-----+--------+

Top non-repeatable levels by time:
     D:2: 809 daAuts
     D:1: 430 daAuts
     D:3: 374 daAuts
